 Dungeon Crawl Stone Soup version 0.25-a0-566-g062765be81 (webtiles) character file.

Game seed: 9014113030580670349, levelgen mode: deterministic

1611 MisterFreud the Skirmisher (level 9, -11/72 HPs)
             Began as a Formicid Abyssal Knight on Feb 27, 2020.
             Was a Priest of Lugonu.
             Mangled by Joseph
             ... wielding a +4 quarterstaff
              (19 damage)
             ... on level 7 of the Dungeon.
             The game lasted 00:13:24 (4334 turns).

MisterFreud the Skirmisher (FoAK)                   Turns: 4334, Time: 00:13:25

Health: -11/72     AC:  9    Str: 19      XL:     9   Next: 16%
Magic:  14/14      EV:  7    Int: 13      God:    Lugonu [***...]
Gold:   222        SH:  4    Dex:  8 (10) Spells: 8/8 levels left

rFire    . . .     SeeInvis +   a - +2 mace
rCold    + . .     Gourm    .   B - +0 buckler
rNeg     . . .     Faith    .   G - +0 chain mail
rPois    .         Spirit   .   (helmet unavailable)
rElec    .         Reflect  .   (no cloak)
rCorr    .         Harm     .   (no gloves)
MR       .....                  (no boots)
Stlth    ..........             q - amulet of regeneration
HPRegen  0.62/turn              (no ring)
MPRegen  0.14/turn              i - ring of protection from cold

@: no status effects
A: permanent stasis, dig shafts and tunnels, four strong arms, antennae 3
a: Dig, Shaft Self, Depart the Abyss, Bend Space, Banish, Renounce Religion


You were on level 7 of the Dungeon.
You worshipped Lugonu.
Lugonu was most pleased with you.
You were not hungry.

You visited 1 branch of the dungeon, and saw 7 of its levels.
You visited the Abyss 1 time.

You collected 222 gold pieces.

Inventory:

Hand Weapons
 a - a +2 mace (weapon)
 b - the +2 hunting sling "Trog's Fury" {venom, Int+3}
   (You found it on level 7 of the Dungeon)

   It poisons the ammo it fires.
   It affects your intelligence (+3).
Missiles
 f - 219 stones
 g - 2 boomerangs (quivered)
 l - 112 arrows
 o - 4 javelins
 s - 5 curare-tipped darts
 t - 24 poisoned darts
Armour
 A - a +0 kite shield
 B - a +0 buckler (worn)
 G - a +0 chain mail (worn)
 M - a +1 leather armour
Jewellery
 i - a ring of protection from cold (right hand)
 n - an uncursed ring of ice
 q - an amulet of regeneration (around neck)
 L - a +1 ring of protection {unknown}
Wands
 x - a wand of acid (10)
 y - a wand of polymorph (8)
 E - a wand of iceblast (7)
 H - a wand of flame (15)
Scrolls
 d - 5 scrolls of magic mapping
 h - 3 scrolls of remove curse
 k - 3 scrolls of amnesia
 r - a scroll of enchant armour
 F - a scroll of fear {unknown}
 I - a scroll of enchant weapon
Potions
 e - a potion of haste
 j - a potion of flight {unknown}
 m - 2 potions of resistance {unknown}
 p - a potion of might {unknown}
 u - 2 potions of degeneration {unknown}
 v - a potion of stabbing {unknown}
 w - a potion of curing {unknown}
 z - 3 potions of heal wounds {unknown}
 C - 2 potions of cancellation {unknown}
 J - a potion of brilliance {unknown}
 K - a potion of magic {unknown}
Comestibles
 c - 13 rations
 D - 3 chunks of flesh


   Skills:
 - Level 7.2 Fighting
 - Level 6.0 Maces & Flails
 + Level 3.2 Armour
 - Level 1.0 Dodging
 - Level 4.2 Shields
 + Level 7.2 Invocations


You had 8 spell levels left.
You didn't know any spells.
Your spell library contained the following spells:

 Spells                   Type           Power        Failure   Level  Hunger
 Animate Skeleton         Necr           N/A          98%         1    ##.....
 Apportation              Tloc           #.....       98%         1    ##.....
 Corona                   Hex            #......      98%         1    ##.....
 Freeze                   Ice            #...         98%         1    ##.....
 Summon Small Mammal      Summ           #...         98%         1    ##.....
 Frozen Ramparts          Ice            #.....       100%        3    ####...
 Ozocubu's Armour         Chrm/Ice       #.......     100%        3    ####...
 Hailstorm                Conj/Ice       #.......     100%        4    #####..
 Summon Ice Beast         Ice/Summ       #.......     100%        4    #####..


Dungeon Overview and Level Annotations

Branches:
Dungeon (7/15)             Temple (0/1) D:5

Altars:
Dithmenos
Zin

Shops:
D:6 }

Annotations:
D:3 1 runed translucent door
D:7 Joseph


Innate Abilities, Weirdness & Mutations

You cannot be hasted, slowed, berserked, paralysed or teleported.
You can dig through walls and to a lower floor.
Your four strong arms can wield two-handed weapons with a shield.
You have a pair of large antennae on your head. (SInv)


Message History

Joseph is heavily wounded.
Joseph hits you but does no damage.
You hit Joseph.
Joseph is severely wounded.
You block Joseph's attack.
You hit Joseph but do no damage.
Joseph is severely wounded.
Joseph hits you with a +4 quarterstaff.
You hit Joseph but do no damage.
Joseph is severely wounded.
Joseph hits you with a +4 quarterstaff!
* * * LOW HITPOINT WARNING * * *
You hit Joseph.
Joseph is severely wounded.
Joseph hits you with a +4 quarterstaff.
* * * LOW HITPOINT WARNING * * *
It was a potion of haste.
Your stasis prevents you from being hasted.
Joseph hits you with a +4 quarterstaff!!
You die...

#...# #... #.#.##
####.##
#.#..###....##
##.##..#..#####
##...........###
#..#.........##. #
#.##............
##.###.##.........###
#(.@@(.##.........#
#...#####.........#
#... ###.####### #...
.... #... .. #...
####


You could see Joseph.

Vanquished Creatures
  Prince Ribbit (D:6)
  Sigmund (D:3)
  2 ogres
  A centaur (D:6)
  2 bullfrogs (D:6)
  2 scorpions (D:6)
  A howler monkey (D:6)
  A crimson imp (D:5)
  A quasit (D:6)
  3 hounds
  5 orc priests
  A gnoll shaman (D:5)
  A bullfrog skeleton (D:5)
  Jessica (D:3)
  An iguana (D:5)
  Terence (D:3)
  An orc wizard (D:4)
  3 worker ants
  Robin (D:3)
  3 adders
  9 gnolls
  An ooze (D:3)
  A worm (D:2)
  A dart slug (D:1)
  4 leopard geckos
  17 orcs
  2 giant cockroaches
  10 goblins
  12 hobgoblins
  6 jackals (D:1)
  A quokka (D:5)
  A ball python (D:5)
  5 bats
  A frilled lizard (D:1)
  4 kobolds
  A quokka skeleton (D:6)
  4 rats
113 creatures vanquished.

Notes
Turn   | Place    | Note
-------+----------+-------------------------------------------
     0 | Abyss:1  | MisterFreud the Formicid Abyssal Knight began the quest for
                  | the Orb.
     0 | Abyss:1  | Reached XP level 1. HP: 18/18 MP: 2/2
    42 | Abyss:1  | Noticed a thrashing horror
    44 | D:1      | Escaped the Abyss
   161 | D:1      | Reached skill level 1 in Dodging
   345 | D:1      | Reached XP level 2. HP: 21/24 MP: 3/3
   483 | D:1      | Reached * piety under Lugonu
   493 | D:1      | Reached XP level 3. HP: 27/30 MP: 4/4
  1216 | D:2      | Found a shadowy altar of Dithmenos.
  1287 | D:2      | Reached skill level 5 in Fighting
  1287 | D:2      | Reached XP level 4. HP: 39/39 MP: 5/5
  1354 | D:3      | Found a glowing silver altar of Zin.
  1354 | D:3      | Found a runed translucent door.
  1354 | D:3      | Noticed an angel
  1474 | D:3      | Noticed Robin
  1495 | D:3      | Killed Robin
  1499 | D:3      | Reached ** piety under Lugonu
  1561 | D:3      | Noticed Sigmund
  1568 | D:3      | Killed Sigmund
  1568 | D:3      | Reached XP level 5. HP: 45/48 MP: 6/6
  1568 | D:3      | Reached XP level 6. HP: 51/55 MP: 7/7
  1650 | D:3      | Noticed Jessica
  1664 | D:3      | Killed Jessica
  1736 | D:3      | Noticed Terence
  1747 | D:3      | Killed Terence
  1878 | D:4      | Noticed an ogre
  2019 | D:4      | Reached XP level 7. HP: 60/60 MP: 8/8
  2077 | D:3      | HP: 2/60 [ogre/+0 giant spiked club (22)]
  2082 | D:3      | HP: 3/60 [poisoned by a worker ant]
  2426 | D:5      | Entered Level 5 of the Dungeon
  2735 | D:5      | Reached skill level 5 in Maces & Flails
  2735 | D:5      | Reached skill level 1 in Shields
  2920 | D:5      | Found a staircase to the Ecumenical Temple.
  3065 | D:5      | Reached XP level 8. HP: 65/67 MP: 9/9
  3329 | D:6      | Reached *** piety under Lugonu
  3478 | D:6      | Found Soniol's Gadget Shop.
  3526 | D:6      | Noticed Prince Ribbit
  3531 | D:6      | Killed Prince Ribbit
  3531 | D:6      | Reached skill level 5 in Invocations
  3776 | D:6      | Reached XP level 9. HP: 51/72 MP: 12/14
  4299 | D:7      | Got a crystal hunting sling
  4300 | D:7      | Identified the +2 hunting sling "Trog's Fury" {venom,
                  | Int+3} (You found it on level 7 of the Dungeon)
  4318 | D:7      | Noticed Joseph
  4334 | D:7      | Mangled by Joseph

Levels and vault maps discovered:
D:1:      doesnt_arrival_eight_statues, layout_basic
D:2:      layout_rooms, marbit_many_paths, first_ration
D:3:      layout_rooms, lemuel_angel_altar, uniq_jessica, uniq_terence,
          uniq_robin, uniq_sigmund
D:4:      layout_cave_pools
D:5:      layout_rooms, minmay_temple_entry_nine_rooms
D:6:      layout_loops_ring, serial_shops, nicolae_shop_crystal,
          minmay_misc_feat_roman, uniq_prince_ribbit1
D:7:      layout_rooms, grunt_ogre_cave, grunt_dithmenos_smoke, uniq_joseph

Skill      XL: |  1  2  3  4  5  6  7  8  9 |
---------------+----------------------------+-----
Dodging        | 1 |  1.0
Fighting       | 4 5 7 |  7.2
Maces & Flails | 3 5 6 |  6.0
Shields        | 2 4 |  4.2
Invocations    | 6 7 |  7.2
Armour         | 3 |  3.2

Action                   |  1- 3 |  4- 6 |  7- 9 || total
-------------------------+-------+-------+-------++-------
Melee: Mace              |    76 |   101 |   304 ||   481
 Fire: Hunting sling     |       |       |     1 ||     1
Throw: Boomerang         |       |       |     2 ||     2
Invok: Depart the Abyss  |     1 |       |       ||     1
 Abil: Dig               |       |       |     5 ||     5
  Use: Scroll            |       |     6 |     2 ||     8
       Potion            |       |       |     1 ||     1
  Eat: Chunk             |     1 |     3 |     8 ||    12
Armor: Leather armour    |    36 |    21 |    42 ||    99
       Chain mail        |       |       |    48 ||    48
Dodge: Dodged            |    52 |    50 |   167 ||   269
Block: Buckler           |       |       |    53 ||    53

Table legend:
 A = Non-vault XP
 B = Vault XP
 C = Vault XP percentage of total XP
 D = Non-vault monster count
 E = Vault monster count
 F = Vault count percentage of total count
                 A         B        C        D         E       F
            +---------+---------+-------+---------+---------+-------
      Total |    1718 |     584 |  25.4 |      95 |      18 |  15.9
            +---------+---------+-------+---------+---------+-------
        D:1 |      33 |       0 |   0.0 |      19 |       0 |   0.0
        D:2 |      45 |       1 |   2.2 |      10 |       1 |   9.1
        D:3 |      62 |     332 |  84.3 |      12 |      16 |  57.1
        D:4 |     268 |       0 |   0.0 |      10 |       0 |   0.0
        D:5 |     348 |       0 |   0.0 |      15 |       0 |   0.0
        D:6 |     756 |     251 |  24.9 |      24 |       1 |   4.0
        D:7 |     206 |       0 |   0.0 |       5 |       0 |   0.0
            +---------+---------+-------+---------+---------+-------
